 Dungeon Sprint DCSS version 0.21-a0-414-gba8bdf1 (webtiles) character file.

112 Kidiri the Ruffian (level 4, 0/40 HPs)
             Began as a Draconian Transmuter on Nov 2, 2017.
             Was a Priest of Wu Jian.
             Slain by a warg (15 damage)
             ... in the Dungeon (Sprint VII: "The Pits").
             The game lasted 00:03:08 (319 turns).

Kidiri the Ruffian (Draconian Transmuter)            Turns: 319, Time: 00:03:08

Health: 0/40       AC:  2    Str: 13    XL:     4   Next: 64%
Magic:  4/10       EV: 22    Int: 13    God:    Wu Jian [***...]
Gold:   0          SH:  0    Dex: 17    Spells: 1/11 levels left

rFire    . . .     SeeInvis .     - Unarmed
rCold    . . .     Gourm    .   (shield currently unavailable)
rNeg     . . .     Faith    .   (armour unavailable)
rPois    x         Spirit   .   (helmet currently unavailable)
rElec    .         Reflect  .   (cloak currently unavailable)
rCorr    .         Harm     .   (gloves currently unavailable)
MR       .....     NoTele   +   (boots currently unavailable)
Stlth    ++........             (no amulet)
HPRegen  0.13/turn              (no ring)
MPRegen  0.12/turn              (no ring)

@: spider-form
A: unfitting armour, AC +5
a: End Transformation, Renounce Religion


You were in the Dungeon.
You worshipped Wu Jian.
Wu Jian was most pleased with you.
You were not hungry.
You were a venomous arachnid creature.
You visited 1 branch

Inventory:

Missiles
 a - 12 arrows
 p - 15 stones (quivered)
Scrolls
 i - a scroll of blinking
 k - 3 scrolls of remove curse
 l - 5 scrolls of amnesia
 m - a scroll of summoning
Potions
 d - 6 potions of curing
 e - 6 potions of heal wounds
 f - a potion of haste
 g - 4 potions of magic
 h - 3 potions of berserk rage
 j - 2 potions of invisibility
Books
 b - a book of Changes

   Spells                             Type                      Level
   a - Beastly Appendage              Transmutation                1
   b - Sticks to Snakes               Transmutation                2
   c - Spider Form                    Transmutation/Poison         3
   d - Ice Form                       Ice/Transmutation            4
   e - Blade Hands                    Transmutation                5
Comestibles
 c - 8 bread rations
 n - 40 fruits
 o - 7 meat rations
 s - a chunk of flesh


   Skills:
 * Level 4.3 Fighting
 * Level 4.0 Dodging
 + Level 2.3 Stealth
 * Level 5.2 Unarmed Combat
 * Level 4.1 Spellcasting
 + Level 3.4 Transmutations
 + Level 0.7 Ice Magic
 + Level 0.7 Poison Magic


You had one spell level left.
You knew the following spells:

 Your Spells              Type           Power        Failure   Level  Hunger
a - Beastly Appendage     Tmut           ##....       14%         1    None
b - Sticks to Snakes      Tmut           ##......     21%         2    ##.....
c - Spider Form           Tmut/Pois      #.........   47%         3    ###....
d - Ice Form              Ice/Tmut       #.......     83%         4    ####...


Dungeon Overview and Level Annotations

Branches:
Dungeon (1/1)

Altars:
Ashenzari
Cheibriados
Dithmenos
Elyvilon
Fedhas
Gozag
Hepliaklqana
Kikubaaqudgha
Makhleb
Nemelex Xobeh
Okawaru
Qazlal
Ru
Sif Muna
Trog
Uskayaw
Vehumet
Wu Jian
Xom
Yredelemnul
Zin
The Shining One
Beogh
Jiyva
Lugonu


Innate Abilities, Weirdness & Mutations

((Your plain brown scales are hard. (AC +5)))
You cannot fit into any form of body armour.
((You are cold-blooded and may be slowed by cold attacks.))


Message History

You kill the orc!
The Council accepts your kill.
A hobgoblin comes into view. It is wielding a club.
Unknown command.
You lunge at the warg.
The hobgoblin shouts!
You hit the warg.
The warg is lightly wounded.
A floating eye comes into view.
The warg completely misses you.
The floating eye moves out of view.
Items here: )) [[ a flail; a leather armour; a dagger of flaming; a robe Your transformation has ended.
The warg bites you!
Unknown command.
Casting: Spider Form
Confirm with . or Enter, or press ? or * to list all spells.
You turn into a venomous arachnid creature.
The warg bites you!
You die...

#.#...#.#))#####+##
#.#...+.#))##......
#.##+####))##......
#.#[....#[[##......
#.#.....#+###...<..
#.#........##......
#.#........##......
#'###########......


#.shoob.# ####### #.###Gg.# #.# ..# #.# .# #.. # #.. #... #### You could see a
warg, a fire bat, a floating eye, 2 orcs and a hobgoblin.

Vanquished Creatures
  A big kobold (D)
  An orc wizard (D)
  An adder skeleton (D)
  2 orcs (D)
  A bat (D)
  A bat skeleton (D)
  A bat zombie (D)
  A giant cockroach (D)
  A kobold (D)
  A quokka (D)
  A ball python zombie (D)
12 creatures vanquished.

Notes
Turn   | Place    | Note
-------+----------+-------------------------------------------
     0 | D        | Kidiri the Draconian Transmuter began the quest for the Orb.
     0 | D        | Reached XP level 1. HP: 16/16 MP: 3/3
    53 | D        | Found a bloodstained altar of Trog.
    53 | D        | Found a deep blue altar of Sif Muna.
    53 | D        | Found a viscous altar of Jiyva.
    53 | D        | Found a hazy altar of Hepliaklqana.
    53 | D        | Found an opulent altar of Gozag.
    54 | D        | Found a glowing golden altar of the Shining One.
    54 | D        | Found a glowing silver altar of Zin.
    54 | D        | Found a basalt altar of Yredelemnul.
    54 | D        | Found a shimmering altar of Xom.
    54 | D        | Found an ornate altar of the Wu Jian Council.
    54 | D        | Found a sacrificial altar of Ru.
    54 | D        | Found a stormy altar of Qazlal.
    54 | D        | Found an iron altar of Okawaru.
    54 | D        | Found a sparkling altar of Nemelex Xobeh.
    54 | D        | Found a burning altar of Makhleb.
    54 | D        | Found a blossoming altar of Fedhas.
    54 | D        | Found a white marble altar of Elyvilon.
    54 | D        | Found a shadowy altar of Dithmenos.
    54 | D        | Found a snail-covered altar of Cheibriados.
    56 | D        | Found a radiant altar of Vehumet.
    56 | D        | Found a corrupted altar of Lugonu.
    56 | D        | Found a roughly hewn altar of Beogh.
    57 | D        | Found a hide-covered altar of Uskayaw.
    57 | D        | Found an ancient bone altar of Kikubaaqudgha.
    57 | D        | Found a shattered altar of Ashenzari.
    63 | D        | Became a worshipper of the Wu Jian Council
   104 | D        | Reached * piety under Wu Jian
   108 | D        | Reached XP level 2. HP: 24/24 MP: 2/5
   138 | D        | Learned a level 2 spell: Sticks to Snakes
   141 | D        | Noticed a big kobold
   165 | D        | Reached ** piety under Wu Jian
   175 | D        | Killed a big kobold
   175 | D        | Reached skill level 4 in Unarmed Combat
   175 | D        | Reached XP level 3. HP: 23/33 MP: 5/8
   175 | D        | Reached XP level 4. HP: 27/40 MP: 5/9
   176 | D        | Reached skill level 5 in Unarmed Combat
   211 | D        | Learned a level 3 spell: Spider Form
   216 | D        | Learned a level 4 spell: Ice Form
   313 | D        | Noticed a fire bat
   315 | D        | Noticed a warg
   315 | D        | Reached *** piety under Wu Jian
   317 | D        | Noticed a floating eye
   319 | D        | Slain by a warg

Vault maps used:
D:        pitsprint

Skill      XL: |  1  2  3  4 |
---------------+-------------+-----
Dodging        | 2 3 4 |  4.0
Fighting       | 3 4 |  4.3
Stealth        | 2 |  2.3
Unarmed Combat | 4 5 |  5.2
Spellcasting   | 3 4 |  4.1
Transmutations | 3 |  3.4
Ice Magic      | |  0.7
Poison Magic   | |  0.7

Action                   |  1- 3 |  4- 6 || total
-------------------------+-------+-------++-------
Melee: Unarmed           |    36 |    11 ||    47
       Kick              |     4 |       ||     4
       Tailslap          |     5 |       ||     5
       Headbutt          |     5 |     1 ||     6
Throw: Stone             |     1 |       ||     1
 Cast: Beastly Appendage |     6 |       ||     6
       Spider Form       |       |     2 ||     2
 Stab: Sleeping          |     2 |       ||     2
Armor: Skin              |     8 |       ||     8
Dodge: Dodged            |    31 |     6 ||    37

Table legend:
 A = Spawn XP
 B = Non-spawn XP
 C = Spawn XP percentage of total XP
 D = Spawn monster count
 E = Non-spawn monster count
 F = Spawn count percentage of total count
 G = Total turns spent on level
                    A         B        C        D         E        F      G
               +---------+---------+-------+---------+---------+-------+---------
         Total |       0 |     161 |   0.0 |       0 |      12 |   0.0 |   319
               +---------+---------+-------+---------+---------+-------+---------
             D |       0 |     161 |   0.0 |       0 |      12 |   0.0 |   319
               +---------+---------+-------+---------+---------+-------+---------
